 Dungeon Crawl Stone Soup version 0.23.1 (webtiles) character file.

Game seed: 1851977485461310902

193 Borgoz the Ducker (level 5, -4/41 HPs)
             Began as a Ghoul Enchanter on Mar 2, 2019.
             Slain by a worm (9 damage)
             ... on level 4 of the Dungeon.
             The game lasted 00:04:38 (2808 turns).

Borgoz the Ducker (Ghoul Enchanter)                 Turns: 2808, Time: 00:04:39

Health: -4/41      AC:  7    Str: 10 (12) XL:     5   Next: 72%
Magic:  6/6        EV: 11    Int:  8 (10) God:
Gold:   115        SH:  0    Dex:  7 (10) Spells: 4/7 levels left

rFire    . . .     SeeInvis .   n - +0 rapier
rCold    + . .     Gourm    .   (no shield)
rNeg     + + +     Faith    .   h - +0 ring mail rPois āˆž Spirit .
                                a - +0 helmet
rElec    .         Reflect  .   (no cloak)
rCorr    .         Harm     .   (no gloves)
MR       .....                  k - +0 pair of boots
Stlth    +.........             (no amulet)
HPRegen  0.00/turn              (no ring)
MPRegen  0.10/turn              (no ring)

@: about to teleport, rotting
A: rotting body, claws 1, carnivore, cold resistance 1, negative energy
resistance 3, inhibited regeneration, torment resistance, unbreathing
a: no special abilities


You were on level 4 of the Dungeon.
You were not hungry.

You visited 1 branch of the dungeon, and saw 4 of its levels.

You collected 115 gold pieces.

Inventory:

Hand Weapons
 n - a +0 rapier (weapon)
Armour
 a - a +0 helmet (worn)
 h - a +0 ring mail (worn)
 k - a +0 pair of boots (worn)
 m - a cursed +0 ring mail
Scrolls
 b - a scroll of magic mapping {unknown}
 c - 2 scrolls of remove curse
 e - 2 scrolls of random uselessness {unknown}
 f - 4 scrolls of identify
 j - a scroll of amnesia {unknown}
Comestibles
 d - 4 rations


   Skills:
 + Level 2.0 Fighting
 * Level 2.7 Short Blades
 + Level 1.7 Armour
 * Level 3.3 Dodging
 - Level 3.2 Stealth
 - Level 1.7 Spellcasting
 - Level 2.4 Hexes


You had 4 spell levels left.
You knew the following spells:

 Your Spells              Type           Power        Failure   Level  Hunger
a - Corona                Hex            #......      34%         1    ##.....
b - Ensorcelled Hibernat  Hex/Ice        #.....       65%         2    ###....

Your spell library contained the following spells:

 Spells                   Type           Power        Failure   Level  Hunger
 Confuse                  Hex            #.......     71%         3    ####...
 Tukima's Dance           Hex            #.......     71%         3    ####...
 Dazzling Spray           Conj/Hex       #.....       86%         3    ####...


Dungeon Overview and Level Annotations

Branches:
Dungeon (4/15)
 Temple: D:4-7

Altars:
Kikubaaqudgha

Annotations:
D:3 Jessica, Sigmund


Innate Abilities, Weirdness & Mutations

Your body is rotting away.
You thrive on raw meat.
You are immune to poison.
You have sharp fingernails.
You are carnivorous and can eat meat at any time.
Your flesh is cold resistant. (rC+)
You are immune to negative energy. (rN+++)
You do not regenerate when monsters are visible.
You are immune to unholy pain and torment.
You can survive without breathing.


Message History

An adder comes into view.
The bat hits you but does no damage. The bat misses you.
Your ring mail prevents you from hitting the bat.
The bat is moderately wounded.
The bat hits you but does no damage.
You aren't carrying any potions.
Okay, then.
As you read the scroll labeled AVVA APPESH, it crumbles to dust.
It is a scroll of identify.
c - 2 scrolls of remove curse The bat hits you.
* * * LOW HITPOINT WARNING * * *
As you read the scroll labeled SEOGHE MEIT, it crumbles to dust.
You feel strangely unstable.
It was a scroll of teleportation.
The bat hits you but does no damage. The bat barely misses you.
You closely miss the bat.
The bat is moderately wounded.
The bat completely misses you. The worm bites you!
You die...

..ā‰ˆ .Sā‰ˆ .. ..
.# .#
#.#############b#
#.....<.....w@..#
#.###############


You could see a worm and a bat.

Vanquished Creatures
  2 vampire bats (D:2)
  A worker ant (D:2)
  2 adders
  An ooze (D:2)
  2 dart slugs
  2 leopard geckos (D:2)
  3 ball pythons
  3 bat skeletons (D:2)
  3 bat zombies (D:2)
  5 giant cockroaches
  7 goblins
  9 hobgoblins
  A jackal (D:2)
  A quokka (D:2)
  4 bats
  A frilled lizard (D:1)
  6 kobolds
  7 rats
60 creatures vanquished.

Notes
Turn   | Place    | Note
-------+----------+-------------------------------------------
     0 | D:1      | Borgoz the Ghoul Enchanter began the quest for the Orb.
     0 | D:1      | Reached XP level 1. HP: 14/14 MP: 2/2
    71 | D:1      | Reached skill level 1 in Short Blades
   300 | D:1      | Reached XP level 2. HP: 11/22 MP: 3/3
   308 | D:1      | Learned a level 2 spell: Ensorcelled Hibernation
   957 | D:2      | Reached skill level 1 in Fighting
   957 | D:2      | Reached XP level 3. HP: 27/27 MP: 4/4
  1606 | D:2      | Reached skill level 1 in Armour
  1721 | D:2      | Reached XP level 4. HP: 35/35 MP: 5/5
  2325 | D:2      | Found an ancient bone altar of Kikubaaqudgha.
  2331 | D:2      | Reached XP level 5. HP: 32/40 MP: 6/6
  2472 | D:3      | Noticed Sigmund
  2729 | D:3      | Noticed Jessica
  2808 | D:4      | Slain by a worm

Skill      XL: |  1  2  3  4  5 |
---------------+----------------+-----
Short Blades   | 1 2 |  2.7
Dodging        | 2 3 |  3.3
Fighting       | 1 2 |  2.0
Armour         | 1 |  1.7
Stealth        | |  3.2
Spellcasting   | |  1.7
Hexes          | |  2.4

Action                   |  1- 3 |  4- 6 || total
-------------------------+-------+-------++-------
Melee: Dagger            |   140 |       ||   140
       Rapier            |    27 |   134 ||   161
  Use: Scroll            |       |     2 ||     2
       Potion            |       |     2 ||     2
 Stab: Sleeping          |     4 |     1 ||     5
  Eat: Chunk             |     7 |     2 ||     9
Armor: Robe              |     1 |       ||     1
       Ring mail         |    50 |   118 ||   168
Dodge: Dodged            |    71 |   191 ||   262
